 Dungeon Crawl Stone Soup version 0.31.0-32-g396128a36d (webtiles) character file.

Game seed: 934515531288911042

21 Alphaeus the Changeling (level 2, -1/21 HPs)
             Began as a Merfolk Shapeshifter on Mar 19, 2024.
             Slain by Jessica
             ... wielding a +0 club
              (7 damage)
             ... on level 2 of the Dungeon.
             The game lasted 00:00:30 (519 turns).

Alphaeus the Changeling (Merfolk Shapeshifter)       Turns: 519, Time: 00:00:31

Health: -1/21      AC:  2    Str: 14    XL:     2   Next: 87%
Magic:  2/2        EV: 12    Int:  9    God:
Gold:   31         SH:  0    Dex: 13    Spells: 1/1 levels left

rFire   . .          .
                       - Unarmed
rCold   . . .        (no shield)
rNeg    . . .        a - +0 animal skin
rPois   .            (helmet currently unavailable)
rElec   .            (cloak currently unavailable)
rCorr   .            (gloves currently unavailable)
SInv    .            (boots currently unavailable)
Will    .....        (no amulet)
Stlth   +            (no ring)
HPRegen 0.23/turn    (no ring)
MPRegen 0.08/turn

%: no passive effects
@: beast-form
A: beast (slay +2), (nimble swimmer 2), mertail
a: Begin Untransformation


You were on level 2 of the Dungeon.
You were a hulking beast.
You visited 1 branch of the dungeon, and saw 2 of its levels.

You collected 31 gold pieces.

Inventory:

Armour
 a - a +0 animal skin (worn)
Jewellery
 h - a ring of ice
Talismans
 c - a beast talisman
 d - a flux talisman
Scrolls
 e - a scroll of blinking {unknown}
 f - a scroll of noise {unknown}
 j - a scroll of fear {unknown}
 k - a scroll of enchant armour {unknown}
Potions
 b - a potion of lignification
 g - a potion of cancellation {unknown}
 i - a potion of enlightenment {unknown}
 l - a potion of heal wounds {unknown}


   Skills:
 + Level 1.5 Fighting
 + Level 3.0 Dodging
 * Level 3.7 Unarmed Combat
 * Level 4.4 Shapeshifting


You had one spell level left.
You didn't know any spells.
Your spell library contained the following spells:

 Spells                   Type           Power      Damage    Failure   Level
 Blink                    Tloc           0%         N/A       52%         2
 Lesser Beckoning         Tloc           0%         N/A       52%         2
 Momentum Strike          Conj/Tloc      0%         3d8       52%         2


Dungeon Overview and Level Annotations

Branches:
Dungeon (2/15)

Altars:

Annotations:
D:2 Jessica


Innate Abilities, Weirdness & Mutations

You are a hulking beast.
Your limbs bulge with bestial killing power. (Slay +2)
((You are very nimble when in or above water. (Stealth+, EV+, Speed+++)))
Your lower body shifts to a powerful aquatic tail in water.


Message History

The frilled lizard hisses angrily.
Jessica the Apprentice Sorceress comes into view.
She is wielding a +0 club.
There are monsters nearby!
Jessica shouts!
The frilled lizard bites you. Jessica gestures at you while chanting.
Pain shoots through your body!
There are monsters nearby!
You hit the frilled lizard.
You kill the frilled lizard!
Jessica is nearby!
An endoplasm comes into view.
There are monsters nearby!
You hit Jessica.
Jessica is heavily wounded.
Jessica gestures wildly while chanting.
Jessica blinks!
Jessica casts a spell.
Jessica seems to speed up.
The endoplasm freezes you.
You are frozen.
Jessica casts a spell at you. Pain shoots through your body!
You are too injured to fight recklessly!
You are too injured to fight recklessly!
You are too injured to fight recklessly!
You hit the endoplasm.
The endoplasm is heavily wounded.
The endoplasm freezes you.
You are frozen.
* * * LOW HITPOINT WARNING * * *
You hit the endoplasm.
You kill the endoplasm!
You barely miss Jessica.
Jessica is moderately wounded.
Jessica barely misses you.
You hit Jessica.
Jessica is almost dead.
Jessica hits you with a +0 club!
You die...

....#..#.##..#
#..##
.#.##..#.##..#
#...# ..
##.#.##..#
#.#.######
###.#.##..#
#.#......#
..........#
#.######.#
....^.....###.#
............#.#
..............#
.......h..†...#
......@.......#
..............#
................
..............###
..............#
..............#
..............#


You could see Jessica (fast).

Vanquished Creatures
  2 bats (D:1)
  3 endoplasms
  2 goblins (D:1)
  3 hobgoblins (D:1)
  3 jackals (D:1)
  A frilled lizard (D:2)
  A kobold (D:1)
  3 rats (D:1)
18 creatures vanquished.

Notes
Turn   | Place    | Note
-------+----------+-------------------------------------------
     0 | D:1      | Alphaeus the Merfolk Shapeshifter began the quest for the
                  | Orb.
     0 | D:1      | Reached XP level 1. HP: 15/15 MP: 1/1
   153 | D:1      | Reached XP level 2. HP: 16/21 MP: 2/2
   508 | D:2      | Noticed Jessica
   519 | D:2      | Slain by Jessica

Illustrated notes

Levels and vault maps discovered:
D:1:      nzn_arrival_water_spiral, layout_rooms
D:2:      layout_rooms, uniq_jessica, uniq_robin

Skill      XL: |  1  2 |
---------------+-------+-----
Dodging        | 3 |  3.0
Fighting       | |  1.5
Unarmed Combat | |  3.7
Shapeshifting  | |  4.4

Action                     || total
---------------------------++-------
  Melee: Unarmed           ||    43
 Armour: Animal skin       ||    24
  Dodge: Dodged            ||    34
